 Dungeon Crawl Stone Soup version 0.20-a0-465-g6513c8f (webtiles) character file.

5363 M4edhros the Covert (level 10, -1/66 HPs)
             Began as an Octopode Artificer on Jan 12, 2017.
             Was an Initiate of Gozag.
             Slain by a hell hound (11 damage)
             ... on level 11 of the Dungeon on Jan 13, 2017.
             The game lasted 00:20:04 (20499 turns).

M4edhros the Covert (Octopode Artificer)           Turns: 20499, Time: 00:20:04

Health: -1/66      AC:  3    Str: 10    XL:     10   Next: 65%
Magic:  12/12      EV: 17    Int: 14    God:    Gozag
Gold:   591        SH:  0    Dex: 15    Spells: 9/9 levels left

rFire  . . .     SeeInvis .     w - +2 dagger (venom)
rCold  . . .     Gourm    .     (no shield)
rNeg   . . .     Faith    .     (helmet restricted)
rPois  .         Spirit   .     (no amulet)
rElec  .         Reflect  .     A - ring of flight
rCorr  .         Harm     .     (no ring)
MR     .....                    (no ring)
Stlth  ++++++....               (no ring)
                                (no ring)
                                (no ring)
                                (no ring)
                                (no ring)

@: very slightly contaminated, hasted, very quick
A: almost no armour, stealthy swim, amphibious, 8 rings, constrict 8, icy blue
scales 1, camouflage 1, blurry vision 1, regeneration 1, weak 1, gelatinous body
1, evolution 1
a: Potion Petition, Call Merchant, Bribe Branch, Renounce Religion, Evoke Flight


You were on level 11 of the Dungeon.
You worshipped Gozag.
Gozag was pleased with you.
You were not hungry.

You visited 2 branches of the dungeon, and saw 12 of its levels.
You also visited: Ossuary.

You collected 1491 gold pieces.
You paid 900 gold pieces to Gozag.

Inventory:

Hand Weapons
 a - a +0 short sword
 l - a +3 hunting sling
 s - a +2 dagger of venom
 w - a +2 dagger of venom (weapon)
 J - a +0 blowgun
 P - a +2 dagger of protection
Missiles
 h - 7 throwing nets
 j - 7 curare-tipped needles
 k - 444 stones (quivered)
 C - 146 arrows
 I - 67 sling bullets
Armour
 K - the +2 pair of gloves "Seydyfi" {Int+4 Stlth+, unknown}
   (You found it on level 3 of the Dungeon)

   It affects your intelligence (+4).
   It makes you more stealthy.
Jewellery
 A - a ring of flight (left tentacle)
 E - an uncursed amulet of the gourmand
 N - the ring "Zism" {Fire +Blink +Inv Int+8 Dex-4, unknown}
   (You took it off an orc on level 10 of the Dungeon)

   [ring of fire]

   It enhances your fire magic.
   It affects your intelligence (+8).
   It affects your dexterity (-4).
   It protects you from fire.
   It makes you vulnerable to cold.
   It lets you turn invisible.
   It lets you blink.
Wands
 b - a wand of flame (29/48)
 c - a wand of enslavement (0/24)
 d - a wand of random effects (14/48)
 e - a wand of confusion (20/48)
 y - a wand of paralysis (8/24)
 D - a wand of paralysis (11/24)
Scrolls
 i - a scroll of recharging
 o - 3 scrolls of teleportation
 p - a scroll of holy word
 q - 4 scrolls of identify
 t - 2 scrolls of acquirement {unknown}
 u - 2 scrolls of immolation
 x - a scroll of remove curse
 z - a scroll of fear
 F - a scroll of summoning {unknown}
 H - a scroll of blinking
Potions
 m - 5 potions of haste
 n - 2 potions of ambrosia
 r - a potion of berserk rage {unknown}
 G - 3 potions of cancellation
 L - a potion of brilliance
Books
 v - a book of Cantrips

   Spells                             Type                      Level
   a - Confusing Touch                Hexes                        1
   b - Animate Skeleton               Necromancy                   1
   c - Summon Small Mammal            Summoning                    1
   d - Apportation                    Translocation                1
Comestibles
 f - a bread ration
 g - 6 fruits
 M - 3 meat rations
 O - 10 royal jellies


   Skills:
 + Level 5.4 Fighting
 - Level 1.0 Short Blades
 + Level 9.7 Slings
 + Level 6.4 Dodging
 + Level 12.2 Stealth
 - Level 3.2 Evocations


You had 9 spell levels left.
You didn't know any spells.

Dungeon Overview and Level Annotations

Branches:
Dungeon (11/15)            Temple (1/1) D:7            Lair (0/6) D:8
    Orc: D:9-12

Altars:
Ashenzari
Cheibriados
Dithmenos
Elyvilon
Fedhas
Gozag
Hepliaklqana
Kikubaaqudgha
Makhleb
Nemelex Xobeh
Okawaru
Qazlal
Ru
Sif Muna
Trog
Uskayaw
Vehumet
Xom
Yredelemnul
Zin
The Shining One

Shops:
D:8 %

Annotations:
D:7 Zaque's ghost, novice DsAK


Innate Abilities, Weirdness & Mutations

You cannot wear most types of armour.
You are very stealthy in the water. (Stealth+)
You are amphibious.
You can wear up to eight rings at the same time.
You can use your tentacles to constrict eight enemies at once.
Your skin changes colour to match your surroundings (Stealth+).
Your rubbery body absorbs attacks. (AC +1, EV +1)
You are partially covered in icy blue scales. (AC +2)
Scrolls take you a little longer to read.
Your natural rate of healing is unusually fast.
You are weak. (Str -2)
You evolve.


Message History

You feel yourself speed up. The hell hound breathes flames at you.
The blast of flame hits you! The orc warrior misses you. Something hits you!
* * * LOW HITPOINT WARNING * * *
You hear a shout!
You are very lightly contaminated with residual magic.
Something hits you!
* * * LOW HITPOINT WARNING * * *
Okay, then.
Really read with blurry vision while enemies are nearby?
Okay, then.
Okay, then.
Evoke which item? (* to show all) (? for menu, Esc to quit)
Okay, then.
Something hits you.
* * * LOW HITPOINT WARNING * * *
You feel better. Something barely misses you. The hell hound bites you!
You die...
Xom roars with laughter!
Your body crumbles into a pile of gold.

... #.####.##
....###........
...............
$
.....#.........
##...#.......##
###...#.......#
#.....#.......#
.....#.......#
....#@......#
#..#.h.....#
##.#.........
#$..o.####...
##....# ... $
$+...#.# ..
$##..#.# ..##.#
##.##.#


You could see an orc warrior and a hell hound.

Vanquished Creatures
  The ghost of Banto the Spear-Bearer, a novice MiBe of Trog (D:10)
  Grinder (D:3)
  2 hippogriffs
  Prince Ribbit (D:5)
  A wyvern (D:10)
  3 yaks (D:10)
  Menkaure (D:4)
  A hell hound (D:8)
  5 orc wizards
  2 orc warriors
  An ice beast (D:7)
  4 sky beasts
  A phantom (D:5)
  A necrophage (D:7)
  An ogre (D:8)
  A crocodile (D:7)
  A big kobold (D:7)
  3 centaurs
  4 bullfrogs
  A scorpion (D:9)
  2 crimson imps
  8 hounds
  2 centaur zombies (Ossuary)
  4 orc priests
  3 jellies (D:10)
  Crazy Yiuf (D:2)
  Ijyb (D:3)
  Terence (D:3)
  A centaur skeleton (D:9)
  An iguana (D:8)
  Natasha (thrice) (D:3)
  3 worker ants
  3 big kobold zombies (Ossuary)
  A hound skeleton (D:7)
  4 mummies (Ossuary)
  Robin (D:2)
  3 gnolls (D:8)
  A howler monkey skeleton (D:6)
  3 adders
  2 shadow imps
  5 oozes (D:10)
  2 adder skeletons
  3 worms
  2 dart slugs
  4 leopard geckos
  28 orcs
  2 ball pythons
  8 bats
  4 giant cockroaches
  8 hobgoblins
  14 jackals
  11 kobolds
  2 quokkas
  3 frilled lizards
  18 goblins
  5 hobgoblin zombies (Ossuary)
  A jackal zombie (D:5)
  11 rats
215 creatures vanquished.

Vanquished Creatures (collateral kills)
  An ogre (D:4)
  A scorpion (D:9)
  An orc priest (D:3)
  An orc wizard (D:4)
  A mummy (Ossuary)
  A worm (D:4)
  4 orcs
  A hobgoblin (D:3)
11 creatures vanquished.

Vanquished Creatures (others)
  An orc wizard (D:4)
  An adder (D:4)
  A goblin (D:2)
  A ball python (D:2)
4 creatures vanquished.

Grand Total: 230 creatures vanquished

Notes
Turn   | Place    | Note
-------+----------+-------------------------------------------
     0 | D:1      | M4edhros the Octopode Artificer began the quest for the Orb.
     0 | D:1      | Reached XP level 1. HP: 13/13 MP: 3/3
    61 | D:1      | Reached skill level 2 in Stealth
   120 | D:1      | Reached skill level 3 in Stealth
   120 | D:1      | Reached XP level 2. HP: 14/18 MP: 4/4
   265 | D:2      | Reached skill level 4 in Stealth
   275 | D:2      | Noticed Robin
   314 | D:2      | Reached XP level 3. HP: 8/23 MP: 5/5
   707 | D:4      | Found a sand-covered staircase.
   775 | Ossuary  | Entered an ossuary
   782 | Ossuary  | Reached skill level 1 in Slings
   788 | Ossuary  | Reached skill level 5 in Stealth
   788 | Ossuary  | Reached XP level 4. HP: 17/28 MP: 6/6
  1270 | Ossuary  | Reached XP level 5. HP: 25/33 MP: 7/7
  1857 | D:4      | Noticed an ogre
  1858 | D:4      | Reached skill level 6 in Stealth
  1869 | D:4      | Killed an ogre
  1869 | D:4      | Reached XP level 6. HP: 13/38 MP: 8/8
  2159 | D:2      | Killed Robin
  3109 | D:4      | Reached XP level 7. HP: 36/43 MP: 9/9
  3196 | D:4      | Reached skill level 7 in Stealth
  3280 | D:4      | Noticed Menkaure
  3288 | D:4      | Killed Menkaure
  3288 | D:4      | Reached skill level 5 in Slings
  3573 | D:5      | Entered Level 5 of the Dungeon
  3661 | D:5      | Noticed Prince Ribbit
  3774 | D:5      | Gained mutation: You are frail. (-10% HP) [mutagenic meat]
  3775 | D:5      | Gained mutation: You occasionally shout uncontrollably at your foes. [mutagenic meat]
  3776 | D:5      | Gained mutation: You expend magic power (3 MP) to strengthen your wands. [mutagenic meat]
  4019 | D:5      | Found a white marble altar of Elyvilon.
  4047 | D:5      | Reached skill level 8 in Stealth
  4157 | D:5      | Reached XP level 8. HP: 27/43 MP: 10/10
  4303 | D:5      | Killed Prince Ribbit
  5191 | D:6      | Reached skill level 9 in Stealth
  5467 | D:6      | Lost mutation: You are frail. (-10% HP) [mutagenic meat]
  5469 | D:6      | Gained mutation: You evolve. [mutagenic meat]
  5471 | D:6      | Gained mutation: Your muscles are strong. (Str +2) [mutagenic meat]
  5726 | D:7      | Noticed Zaque's ghost (novice DsAK)
  6631 | D:7      | Found a staircase to the Ecumenical Temple.
  6640 | Temple   | Entered the Ecumenical Temple
  6862 | Temple   | Became a worshipper of Xom the Capricious
  7172 | Temple   | XOM: silly message
  8407 | Temple   | XOM: mild Pois miscast
  8734 | Temple   | XOM: summons 4 hostile demons
  9183 | Temple   | XOM is BORED!
  9183 | Temple   | XOM: give mutations
  9183 | Temple   | Gained mutation: Your body sometimes deteriorates upon taking damage. [Xom's mischief]
  9183 | Temple   | Lost mutation: You occasionally shout uncontrollably at your foes. [Xom's mischief]
  9238 | Temple   | XOM: divination: detect creatures
  9523 | Temple   | XOM: mild Air miscast
 10345 | Temple   | XOM: mild Ice miscast
 11026 | Temple   | XOM: severe Tmut miscast
 11026 | Temple   | Gained mutation: You tend to lose your temper in combat. [mutagenic glow]
 11080 | Temple   | Lost mutation: Your muscles are strong. (Str +2) [mutagenic glow]
 11357 | Temple   | XOM: mild Divn miscast
 11444 | Temple   | XOM: harmless Tmut miscast
 11448 | Temple   | XOM: harmless Necr miscast
 11807 | Temple   | XOM: medium Fire miscast
 11841 | Temple   | XOM: harmless Erth miscast
 12218 | Temple   | XOM: scenery: 1 doors close
 12598 | Temple   | XOM: divination: detect creatures
 12883 | Temple   | XOM: mild Ice miscast
 12935 | Temple   | XOM: cloud trail
 13182 | Temple   | XOM: god gift: 8 arrows
 13395 | Temple   | XOM: god gift: yellow potion {god gift}
 14101 | Temple   | XOM is BORED!
 14101 | Temple   | XOM: severe Divn miscast
 14431 | Temple   | XOM: divination: magic mapping
 14559 | Temple   | XOM: give mutations
 14559 | Temple   | Gained mutation: Your natural rate of healing is unusually fast. [Xom's grace]
 14559 | Temple   | Gained mutation: You are partially covered in icy blue scales. (AC +2) [Xom's grace]
 15092 | Temple   | XOM: noise
 15444 | Temple   | XOM: god gift: 10 sling bullets
 15488 | Temple   | Fell from the grace of Xom
 15488 | Temple   | Became a worshipper of Gozag Ym Sagoz the Greedy
 15677 | D:3      | Noticed Grinder
 15685 | D:3      | Killed Grinder
 15685 | D:3      | Reached XP level 9. HP: 55/55 MP: 11/11
 15756 | D:3      | XOM: stat loss: -2 Dex (13/15)
 15797 | D:3      | Noticed Natasha
 15804 | D:3      | Killed Natasha
 15804 | D:3      | Reached skill level 10 in Stealth
 16069 | D:3      | Noticed Ijyb
 16071 | D:3      | Noticed Natasha
 16082 | D:3      | Killed Natasha
 16082 | D:3      | Killed Ijyb
 16098 | D:3      | Got a pair of translucent gloves
 16144 | D:3      | Noticed Natasha
 16154 | D:3      | Killed Natasha
 16263 | D:3      | Found a sparkling altar of Nemelex Xobeh.
 16326 | D:3      | Noticed Terence
 16332 | D:3      | Killed Terence
 16389 | D:2      | XOM: severe Pois miscast
 16802 | D:2      | Found a faded altar of an unknown god.
 16977 | D:2      | XOM: give mutations
 16977 | D:2      | Gained mutation: Scrolls take you a little longer to read. [Xom's mischief]
 16977 | D:2      | Gained mutation: Your magical capacity is low. (-10% MP) [Xom's mischief]
 16977 | D:2      | Gained mutation: You are frail. (-10% HP) [Xom's mischief]
 16977 | D:2      | Lost mutation: You are frail. (-10% HP) [Xom's mischief]
 17110 | D:2      | Lost mutation: Your body sometimes deteriorates upon taking damage. [evolution]
 17326 | D:2      | Found a runed door.
 17330 | D:2      | Noticed Crazy Yiuf
 17334 | D:2      | Killed Crazy Yiuf
 17993 | D:8      | Found a staircase to the Lair.
 17993 | D:8      | XOM: 3-stop teleportation journey
 18145 | D:8      | Found a shattered altar of Ashenzari.
 18152 | D:8      | XOM: summons 4 hostile demons
 18411 | D:8      | XOM: summons 9 hostile demons
 18412 | D:8      | Noticed an ice devil
 18412 | D:8      | Noticed a sun demon
 18551 | D:8      | XOM: mild Tmut miscast
 18824 | D:9      | XOM: give mutations
 18824 | D:9      | Gained mutation: You are weak. (Str -2) [Xom's mischief]
 18824 | D:9      | Lost mutation: You tend to lose your temper in combat. [Xom's mischief]
 18824 | D:9      | Lost mutation: You expend magic power (3 MP) to strengthen your wands. [Xom's mischief]
 18851 | D:9      | Lost mutation: Your magical capacity is low. (-10% MP) [evolution]
 18862 | D:9      | Found a sacrificial altar of Ru.
 18881 | D:9      | Found a burning altar of Makhleb.
 18912 | D:9      | XOM: 1-stop teleportation journey
 18928 | D:9      | Reached skill level 11 in Stealth
 18939 | D:9      | Reached skill level 5 in Dodging
 19223 | D:9      | Reached XP level 10. HP: 64/64 MP: 12/12
 19475 | D:9      | XOM: noise
 19502 | D:9      | XOM: severe Tmut miscast
 19676 | D:10     | Entered Level 10 of the Dungeon
 19676 | D:10     | Noticed Banto's ghost (novice MiBe)
 20010 | D:10     | Killed Banto's ghost
 20010 | D:10     | Reached skill level 5 in Fighting
 20010 | D:10     | Reached skill level 12 in Stealth
 20325 | D:10     | Got a heavily runed lapis lazuli ring
 20498 | D:11     | HP: 1/66 [something (5)]
 20499 | D:11     | Slain by a hell hound

Vault maps used:
D:1:      dpeg_arrival_ternary
D:2:      chequers_ecumenical_altar_simple_redux, corexii_corridor_pit,
          minmay_octomino_c4, uniq_crazy_yiuf_cottage, uniq_robin
D:3:      kennysheep_goblin_castle, nemelex_spade_bored_becter, uniq_grinder,
          uniq_terence, uniq_natasha
D:4:      serial_curves, eino_curves_04, eino_curves_03, enter_ossuary_5,
          first_bread, minmay_vboxes, uniq_menkaure
D:5:      lemuel_round_altar, hangedman_abyss_or_decor_stagger,
          uniq_prince_ribbit1
D:8:      minmay_lair_entry_lava, evilmike_ruin_ashenzari
D:9:      nicolae_overflow_hidden_temple
D:10:     hangedman_little_slice_of_home
D:11:     onia_ninara_cookie
Temple:   dpeg_five_rooms_temple
Ossuary:  ossuary_the_hunt_dpeg

Skill      XL: |  1  2  3  4  5  6  7  8  9 10 |
---------------+-------------------------------+-----
Stealth        | 3 4 5 6 8 9 11 12 | 12.2
Slings         | 1 2 3 4 6 8 9 |  9.7
Fighting       | 2 4 5 |  5.4
Dodging        | 3 5 6 |  6.4
Short Blades   | |  1.0
Evocations     | |  3.2

Action                   |  1- 3 |  4- 6 |  7- 9 | 10-12 || total
-------------------------+-------+-------+-------+-------++-------
Melee: Short sword       |    57 |    55 |       |       ||   112
       Constrict         |    12 |    26 |    67 |    19 ||   124
       Tentacles         |     4 |    26 |    57 |    27 ||   114
       Dagger            |       |    37 |   305 |   108 ||   450
       Spear             |       |       |     1 |       ||     1
 Fire: Hunting sling     |       |       |    21 |    71 ||    92
       Blowgun           |       |       |       |     1 ||     1
Invok: Call Merchant     |       |       |     1 |       ||     1
Evoke: Wand              |     8 |    13 |    13 |     3 ||    37
  Use: Scroll            |     2 |       |    20 |       ||    22
       Potion            |       |       |     4 |     5 ||     9
 Stab: Sleeping          |    12 |     1 |    25 |     2 ||    40
       Distracted        |     1 |     4 |     1 |     1 ||     7
       Paralysed         |       |       |       |     3 ||     3
  Eat: Meat ration       |       |     1 |     1 |       ||     2
       Chunk             |       |     2 |    17 |       ||    19
       Bread ration      |       |       |     6 |     1 ||     7
       Beef jerky        |       |       |     2 |       ||     2
       Pizza             |       |       |     1 |     1 ||     2
       Royal jelly       |       |       |     1 |       ||     1
       Fruit             |       |       |     2 |     1 ||     3
Armor: Skin              |     2 |     2 |    42 |    14 ||    60
Dodge: Dodged            |    30 |    43 |   259 |   101 ||   433
